 Dungeon Crawl Stone Soup version 0.17.0-9-g801d43b (webtiles) character file.

51 dorian the Distorting Demonspawn (level 3, 0/29 HPs)
             Began as a Demonspawn Abyssal Knight on Nov 9, 2015.
             Was a Believer of Lugonu.
             Slain by a gnoll
             ... wielding a +0 spear
              (5 damage)
             ... on level 3 of the Dungeon.
             The game lasted 00:02:40 (1874 turns).

dorian the Distorting Demonspawn (DsAK)             Turns: 1874, Time: 00:02:40

Health: 0/29       AC:  3    Str: 13    XL:     3   Next: 58%
Magic:  6/6        EV:  6    Int: 13    God:    Lugonu [**....]
Gold:   85         SH:  0    Dex: 18    Spells: 0 memorised, 2 levels left

rFire  . . .     SeeInvis .     a - +1 hand axe
rCold  . . .     Clarity  .     b - +0 leather armour
rNeg   . . .     SustAt   .     (no shield)
rPois  .         Gourm    .     (no helmet)
rElec  .         Spirit   .     (no cloak)
rCorr  .         Warding  .     (no gloves)
rMut   .         Stasis   .     (no boots)
MR     .....                    (no amulet)
Stlth  +.........               (no ring)
                                j - +6 ring of dexterity

@: held, not resistant to hostile enchantments, very unstealthy
A: claws 1
a: Depart the Abyss, Bend Space, Renounce Religion


You were on level 3 of the Dungeon.
You worshipped Lugonu.
Lugonu was pleased with you.
You were not hungry.

You visited 1 branch of the dungeon, and saw 3 of its levels.
You visited the Abyss 1 time.

You collected 85 gold pieces.

Inventory:

Hand Weapons
 a - a +1 hand axe (weapon)
Missiles
 q - 7 tomahawks (quivered)
Armour
 b - a +0 leather armour (worn)
Jewellery
 j - a +6 ring of dexterity (left claw)
Scrolls
 d - 4 scrolls of remove curse {unknown}
 e - 3 scrolls of enchant weapon {unknown}
 i - a scroll of noise {unknown}
 l - a scroll of teleportation {unknown}
 n - a scroll of blinking {unknown}
 r - 2 scrolls of immolation {unknown}
 s - 2 scrolls of magic mapping {unknown}
 w - a scroll of recharging {unknown}
Potions
 g - 4 potions of curing {unknown}
 h - 2 potions of brilliance {unknown}
 k - a potion of cancellation {unknown}
 m - a potion of resistance {unknown}
 o - a potion of magic {unknown}
 p - a potion of heal wounds {unknown}
 u - a potion of flight {unknown}
 x - a potion of mutation {unknown}
Comestibles
 c - 2 bread rations
 f - 2 meat rations
 t - a slice of pizza
 v - 2 chunks of flesh


   Skills:
 - Level 3.0 Fighting
 + Level 2.2 Axes
 + Level 2.2 Armour
 - Level 0.8 Dodging
 * Level 4.2 Invocations


You had 2 spell levels left.
You didn't know any spells.

Dungeon Overview and Level Annotations

Branches:
Dungeon (3/15)

Altars:
Sif Muna
Xom


Innate Abilities, Weirdness & Mutations

You have sharp fingernails.


Message History

You hit the gnoll but do no damage. The gnoll closely misses you.
You closely miss the gnoll. The gnoll completely misses you.
The gnoll throws a throwing net.
The throwing net hits you.
You become entangled in the net!
You are held in a net!
You are held in a net!
You struggle against the net.
The gnoll hits you with a spear.
You struggle against the net.
The gnoll closely misses you.
You slice the net and break free! The gnoll hits you with a spear!
* * * LOW HITPOINT WARNING * * *
A hobgoblin comes into view. It is wielding a club.
The gnoll hits you from afar with a spear.
* * * LOW HITPOINT WARNING * * *
The gnoll throws a throwing net.
The throwing net hits you.
You become entangled in the net!
You see here a throwing net.
You struggle against the net.
The gnoll barely misses you.
You try to slip out of the net.
The gnoll hits you from afar with a spear.
You die...

g... ...# ...+
...#
#########...##
#......g.....#
#......ggg...#
#............#
#.....@.[..%.#
#.......%....#
#...).(...$..#
####..........?.#
................#
####..........$.#
#............#
#............#
###............


You could see 4 gnolls.

Vanquished Creatures
  An adder (D:2)
  A worm (D:2)
  3 giant geckos
  4 bats
  2 giant cockroaches
  6 hobgoblins
  6 kobolds
  A ball python (D:1)
  2 giant newts
  4 goblins
  5 rats
35 creatures vanquished.

Vanquished Creatures (others)
  4 toadstools (D:1)
4 creatures vanquished.

Grand Total: 39 creatures vanquished

Notes
Turn   | Place    | Note
--------------------------------------------------------------
     0 | Abyss:1  | dorian the Demonspawn Abyssal Knight began the quest for the Orb.
     0 | Abyss:1  | Reached XP level 1. HP: 18/18 MP: 2/2
     1 | Abyss:1  | Found a corrupted altar of Lugonu.
    18 | D:1      | Escaped the Abyss
   127 | D:1      | Gained mutation: You have sharp fingernails. [demonic ancestry]
   127 | D:1      | Reached XP level 2. HP: 18/24 MP: 2/4
   664 | D:2      | Reached ** piety under Lugonu
  1075 | D:2      | Reached XP level 3. HP: 16/29 MP: 5/5
  1378 | D:2      | Reached skill level 4 in Invocations
  1396 | D:2      | Found a deep blue altar of Sif Muna.
  1440 | D:2      | Found a shimmering altar of Xom.
  1874 | D:3      | Slain by a gnoll

Action                   || total
-------------------------++-------
Melee: Hand axe          ||    98
Throw: Tomahawk          ||    10
  Eat: Chunk             ||     3
